 Dungeon Crawl Stone Soup version 0.26-a0-665-gefeb406119 (webtiles) character file.

Game seed: 1020156593037424599

53 Decritt the Grave Robber (level 3, 31/31 HPs)
             Began as a Deep Dwarf Necromancer on Oct 14, 2020.
             Quit the game on level 2 of the Dungeon.
             The game lasted 00:06:28 (1311 turns).

Decritt the Grave Robber (Deep Dwarf Necromancer)   Turns: 1311, Time: 00:06:29

Health: 31/31      AC:  5    Str: 12    XL:     3   Next: 62%
Magic:  6/6        EV: 11    Int: 15    God:
Gold:   64         SH:  0    Dex: 13    Spells: 5/6 levels left

rFire    . . .     SeeInvis .   l - -3 spear (curse)
rCold    . . .     Faith    .   (no shield)
rNeg     . . .     Spirit   .   e - +0 ring mail
rPois    .         Reflect  .   (no helmet)
rElec    .         Harm     .   (no cloak)
rCorr    .         Rampage  .   (no gloves)
MR       .....                  (no boots)
Stlth    +.........             (no amulet)
HPRegen  0.00/turn              (no ring)
MPRegen  0.10/turn              (no ring)

@: non-regenerating
A: damage resistance, heal wounds, sense surroundings 1, no regeneration
a: Heal Wounds


You were on level 2 of the Dungeon.
You visited 1 branch of the dungeon, and saw 2 of its levels.

You collected 64 gold pieces.

Inventory:

Hand Weapons
 h - a +0 hand axe
 l - a cursed -3 spear (weapon)
Missiles
 b - 3 javelins (quivered)
Armour
 a - a +0 robe
 e - a +0 ring mail (worn)
Scrolls
 f - 3 scrolls of teleportation {unknown}
 g - a scroll of enchant weapon {unknown}
 i - 4 scrolls of amnesia {unknown}
 j - a scroll of fog {unknown}
 k - a scroll of identify {unknown}
Potions
 c - a potion of degeneration {unknown}
 d - a potion of stabbing {unknown}


   Skills:
 + Level 1.2 Fighting
 + Level 0.5 Armour
 - Level 2.1 Dodging
 - Level 2.4 Stealth
 - Level 2.1 Spellcasting
 * Level 5.2 Necromancy


You had 5 spell levels left.
You knew the following spells:

 Your Spells              Type           Power        Failure   Level
a - Pain                  Necr           ###.         6%          1

Your spell library contained the following spells:

 Spells                   Type           Power        Failure   Level
 Animate Skeleton         Necr           ###...       6%          1
 Vampiric Draining        Necr           ###.......   17%         3
 Animate Dead             Necr           ###.......   50%         4
 Agony                    Necr           ###.....     85%         5


Dungeon Overview and Level Annotations

Branches:
Dungeon (2/15)

Altars:


Innate Abilities, Weirdness & Mutations

You are resistant to damage.
You can heal yourself by infusing magical energy.
You passively map a small area around you.
You do not regenerate.


Message History

j - a scroll labeled GEROVA NIPUPT
k - a scroll labeled CIGGO JASTRAIQA
Found a glowing spear.
Found 5 gold pieces.
A rat comes into view.
You see here a glowing spear.
It sticks to your hand!
l - a cursed -3 spear (weapon)
A rat is nearby!
You throw a javelin. The javelin pierces through the rat.
You kill the rat!
No target in view!
No target in view!
No target in view!
Found a scroll labeled TAKHUAL IB KIY.
b - 3 javelins (gained 1)
You see here a rat corpse.
f - 3 scrolls labeled TAKHUAL IB KIY (gained 1)
Okay, then.
Are you sure you want to abandon this character and quit the game? (Confirm with "yes".)

,, *
#........##*
*
#..........,
, #.........#
#..........
#..†.......,*
**
#..........
#.......... *
* ,
#..........,
#.@........ ,
########... *
, ### , , , *
, , , * * * ,
,


There were no monsters in sight!

Vanquished Creatures
  An adder (D:2)
  An ooze (D:1)
  3 dart slugs (D:1)
  3 leopard geckos (D:1)
  A giant cockroach (D:1)
  5 goblins (D:1)
  4 hobgoblins
  A ball python (D:1)
  3 bats (D:1)
  4 frilled lizards (D:1)
  3 kobolds
  4 rats
33 creatures vanquished.

Notes
Turn   | Place    | Note
-------+----------+-------------------------------------------
     0 | D:1      | Decritt the Deep Dwarf Necromancer began the quest for the
                  | Orb.
     0 | D:1      | Reached XP level 1. HP: 15/15 MP: 3/3
   152 | D:1      | Reached XP level 2. HP: 14/24 MP: 1/4
   693 | D:1      | Reached skill level 1 in Fighting
   693 | D:1      | Reached skill level 5 in Necromancy
   708 | D:1      | Reached XP level 3. HP: 31/31 MP: 6/6
  1311 | D:2      | Quit the game

Illustrated notes

Levels and vault maps discovered:
D:1:      lightli_arrival_maybe_door_vault, layout_loops_corners
D:2:      layout_basic, grunt_qazlal_clouds

Skill      XL: |  1  2 |
---------------+-------+-----
Spellcasting   | 2 |  2.1
Fighting       | 1 |  1.2
Necromancy     | 5 |  5.2
Armour         | |  0.5
Dodging        | |  2.1
Stealth        | |  2.4

Action                   || total
-------------------------++-------
Melee: Unarmed           ||    51
       Hand axe          ||    26
Throw: Javelin           ||    45
 Cast: Pain              ||    16
 Abil: Heal Wounds       ||     2
 Stab: Sleeping          ||     1
Armor: Robe              ||    20
       Ring mail         ||    13
Dodge: Dodged            ||    68

Table legend: (Time is in decaauts)
 A = Elapsed time spent in this place.
 B = Non-inter-level travel time spent in this place.
 C = Inter-level travel time spent in this place.
 D = Time resting spent in this place.
 E = Time spent auto-exploring this place.
 F = Levels seen in this place.
 G = Mean time per level.
                   A        B        C        D        E       F      G
               +--------+--------+--------+--------+--------+-----+--------+
         Total |   1340 |   1314 |     26 |      0 |   1006 |   2 |  670.0 |
       Dungeon |   1340 |   1314 |     26 |      0 |   1006 |   2 |  670.0 |
               +--------+--------+--------+--------+--------+-----+--------+

Top non-repeatable levels by time:
     D:1: 1217 daAuts
     D:2: 122 daAuts
